 Dungeon Crawl Stone Soup version 0.30.1-11-g7821555f0a (webtiles) character file.

Game seed: 15570519290463954926

60 RancidPinata the Cudgeller (level 4, 0/28 HPs)
             Began as a Gargoyle Gladiator on Dec 6, 2023.
             Killed from afar by an orc wizard (2 damage)
             ... with a magic dart
             ... on level 4 of the Dungeon.
             The game lasted 00:06:52 (1158 turns).

RancidPinata the Cudgeller (Gargoyle Gladiator)     Turns: 1158, Time: 00:06:53

Health: 0/28       AC:  8    Str: 19    XL:     4   Next: 6%
Magic:  4/4        EV: 12    Int:  9    God:
Gold:   40         SH:  0    Dex: 11    Spells: 2/3 levels left

rFire   . . .        a - +1 flail
rCold   . . .        (no shield)
rNeg    + . .        b - +0 leather armour
rPois   ∞            c - +1 helmet
rElec   +            l - scarf {shadows}
rCorr   .            (no gloves)
SInv    .            (no boots)
Will    .....        (no amulet)
Stlth   +            (no ring)
HPRegen 0.24/turn    (no ring)
MPRegen 0.09/turn

%: no passive effects
@: attractive
A: sickness immunity, AC +3, negative energy resistance 1, electricity
resistance, torment resistance 1, petrification resistance
a: no special abilities


You were on level 4 of the Dungeon.
You visited 1 branch of the dungeon, and saw 5 of its levels.

You collected 100 gold pieces.
You spent 60 gold pieces at shops.

Inventory:

Hand Weapons
 a - a +1 flail (weapon)
Missiles
 d - 3 throwing nets (quivered)
 e - a javelin
 i - 8 stones
Armour
 b - a +0 leather armour (worn)
 c - a +1 helmet (worn)
 l - a scarf of shadows (worn)
Jewellery
 k - an amulet of faith
Wands
 h - a wand of roots (11)
 n - a wand of charming (3)
Scrolls
 m - 2 scrolls of teleportation {unknown}
 q - a scroll of immolation {unknown}


   Skills:
 * Level 3.3 Fighting
 + Level 3.4 Maces & Flails
 + Level 2.2 Throwing
 + Level 1.4 Armour
 - Level 2.4 Dodging
 + Level 0.0 Spellcasting
 + Level 0.1 Earth Magic


You had 2 spell levels left.
You knew the following spells:

 Your Spells              Type           Power      Damage    Failure   Level
a - Sandblast             Erth           0%         2d4       43%         1

Your spell library contained the following spells:

 Spells                   Type           Power      Damage    Failure   Level
 Blink                    Tloc           0%         N/A       58%         2
 Passwall                 Tmut/Erth      0%         N/A       58%         2
 Stone Arrow              Conj/Erth      0%         3d7       82%         3
 Manifold Assault         Tloc           0%         N/A       99%         4
 Storm Form               Tmut/Air       0%         N/A       100%        7


Dungeon Overview and Level Annotations

Branches:
Dungeon (5/15)
 Temple: D:4-7

Altars:
Elyvilon
Zin

Shops:
D:5 *


Innate Abilities, Weirdness & Mutations

You are immune to sickness and miasma.
Your stone body is resilient. (AC +3)
You are immune to poison.
You resist negative energy. (rN+)
You are resistant to electric shocks. (rElec)
You are resistant to unholy torment.
You are immune to petrification.


Message History

You closely miss the orc priest.
The orc priest is moderately wounded.
The orc wizard hits you but does no damage.
The orc priest hits you with a +0 flail.
* * * LOW HITPOINT WARNING * * *
Something hits you but does no damage.
You aren't carrying any potions.
As you read the scroll labelled MUSHUO WOGIAC, it crumbles to dust.
It is a scroll of enchant armour.
Your +0 helmet glows green for a moment.
The orc wizard closely misses you. Something barely misses you.
The orc priest misses you.
As you read the scroll labelled JIUNOZX MOET, it crumbles to dust.
It is a scroll of enchant weapon.
Your +0 flail glows red for a moment.
The orc wizard points at you and mumbles some strange words.
The puff of flame hits you.
* * * LOW HITPOINT WARNING * * *
The orc priest calls down the wrath of Beogh upon you.
You barely resist. Something hits you but does no damage.
As you read the scroll labelled EDAUT YTECAVI, it crumbles to dust.
You hear a loud clanging noise!
It was a scroll of noise.
You hear a shout! x2
The orc wizard closely misses you.
You hear some strange, mumbled words.
Something tries to affect you, but you resist.
The orc priest hits you with a +0 flail.
* * * LOW HITPOINT WARNING * * *
As you read the scroll labelled UPLILY EKKOR, it crumbles to dust.
The scroll dissolves into smoke.
It was a scroll of fog.
The orc wizard casts a spell.
The orc wizard flickers and vanishes!
The orc priest hits you but does no damage.
Something hits you but does no damage.
The orc priest attacks as you move away!
The orc priest barely misses you.
A magic dart appears from out of thin air!
The magic dart hits you.
You die...

#####...####...# #.##
##...# #)### #..##
##..###†# ##..# #......#
##># #...#### ##.)[
#....# #...#
#########....### #.#..
#...o.o........#########
#..##.
..########.#...§@§o§....
...# #. ### #o######§{§#
#### ## #### #oo#
##{§#### ### ...#
##.#####.o§...# #..
.#.#### #o#.§§{.##.....
#.. o).....####.#.#####
###.. #..
...o.?..........# . #..
####>........##.... #..
...#.....# ##### ###


You could see an orc priest.

Vanquished Creatures
  2 adders
  4 dart slugs
  7 orcs
  2 endoplasms (D:3)
  2 hobgoblins
  A quokka (D:4)
  2 bats
  2 goblins
  3 kobolds
  2 rats
27 creatures vanquished.

Notes
Turn   | Place    | Note
-------+----------+-------------------------------------------
     0 | D:1      | RancidPinata the Gargoyle Gladiator began the quest for the
                  | Orb.
     0 | D:1      | Reached XP level 1. HP: 12/12 MP: 1/1
   155 | D:2      | Reached XP level 2. HP: 18/18 MP: 2/2
   185 | D:2      | Reached skill level 1 in Armour
   344 | D:2      | Reached XP level 3. HP: 17/22 MP: 3/3
   591 | D:3      | Found a white marble altar of Elyvilon.
   644 | D:3      | Found a glowing silver altar of Zin.
   776 | D:5      | Entered Level 5 of the Dungeon
   839 | D:5      | Noticed a black bear
   864 | D:5      | Found Dopit's Assorted Antiques.
   867 | D:5      | Bought a green potion for 18 gold pieces
   867 | D:5      | Bought a scroll labelled JIUNOZX MOET for 21 gold pieces
   867 | D:5      | Bought a scroll labelled XIYLOI FEWAKOA for 21 gold pieces
   988 | D:4      | Learned a level 1 spell: Sandblast
  1056 | D:4      | Reached XP level 4. HP: 21/28 MP: 4/4
  1150 | D:4      | Identified a scroll of acquirement
  1150 | D:4      | Acquired a manual of Fighting
  1156 | D:4      | HP: 1/28 [orc priest/+0 flail (2)]
  1158 | D:4      | Killed from afar by an orc wizard

Illustrated notes

Levels and vault maps discovered:
D:1:      grunt_arrival_crossed_arrows, layout_loops_ring, minivault_25,
          minmay_tromino_v4_c
D:2:      minmay_chambers_of_ones, layout_basic,
          ebering_ecumenical_altar_petrified
D:3:      layout_basic, mainiacjoe_overflow_surrounded_room, lemuel_round_altar
D:4:      layout_rooms
D:5:      layout_basic, serial_shops, shop

Skill      XL: |  1  2  3 |
---------------+----------+-----
Throwing       | 2 |  2.2
Armour         | 1 |  1.4
Fighting       | 3 |  3.3
Maces & Flails | |  3.4
Dodging        | |  2.4
Earth Magic    | |  0.1

Action                     |  1- 3 |  4- 6 || total
---------------------------+-------+-------++-------
  Melee: Flail             |    78 |    15 ||    93
         Punch             |     1 |       ||     1
    Use: Scroll            |       |     5 ||     5
         Potion            |       |     2 ||     2
 Armour: Leather armour    |    27 |     8 ||    35
  Dodge: Dodged            |    56 |    16 ||    72
